| TOP OF THE 1ST |
|---|
| New Britain HS Alleycats batting - Pitching for Freeport Senior HS Pretzels : LHP Greg Cundiff | | Pitching: LHP Greg Cundiff | | | Batting: RHB Jimmy Schooley | 0-0: Ball 1-0: Ground out 6-3 (Groundball, 6) | | Batting: RHB Hirofumi Okada | 0-0: Ball 1-0: Ball 2-0: Ball 3-0: Called Strike 3-1: Foul Ball, location: 2F 3-2: Base on Balls | | Batting: LHB Jody Helser | 0-0: Ball 1-0: Ball 2-0: Foul Ball, location: 2F 2-1: Grounds into double play, 6-4-3 (Groundball, 6) | | Top of the 1st over - 0 runs, 0 hits, 0 errors, 0 left on base; New Britain HS 0 - Freeport Senior HS 0 | | BOTTOM OF THE 1ST |
|---|
| Freeport Senior HS Pretzels batting - Pitching for New Britain HS Alleycats : RHP Justin Kasperson | | Pitching: RHP Justin Kasperson | | | Batting: RHB Dan Callejas | 0-0: Called Strike 0-1: Ball 1-1: Called Strike 1-2: DOUBLE (Groundball, 3L) | | Batting: LHB Josiah Harris | 0-0: Ball 1-0: Ball 2-0: Ball 3-0: Called Strike 3-1: Base on Balls | | Batting: RHB Harry Adams | 0-0: Grounds into double play, 1-6-3 (Groundball, P) Dan Callejas to third | | Batting: LHB Mike Justice | 0-0: Called Strike 0-1: Ball 1-1: Swinging Strike 1-2: Foul Ball, location: 2F 1-2: Foul Ball, location: 2F 1-2: Ball 2-2: Fly out, F2 (Popup, 2LF) | | Bottom of the 1st over - 0 runs, 1 hit, 0 errors, 1 left on base; New Britain HS 0 - Freeport Senior HS 0 | | TOP OF THE 2ND |
|---|
| New Britain HS Alleycats batting - Pitching for Freeport Senior HS Pretzels : LHP Greg Cundiff | | Batting: RHB Jim Lowden | 0-0: Foul Ball, location: 2F 0-1: Foul Ball, location: 2F 0-2: SINGLE (Groundball, 56D) | | Batting: SHB Danny Kirby | 0-0: Ball 1-0: Fly out, F3 (Popup, 3) | | Batting: RHB Earl Wooldridge | 0-0: Called Strike 0-1: Ball 1-1: Ball 2-1: Grounds into double play, 5-4-3 (Groundball, 56) | | Top of the 2nd over - 0 runs, 1 hit, 0 errors, 0 left on base; New Britain HS 0 - Freeport Senior HS 0 | | BOTTOM OF THE 2ND |
|---|
| Freeport Senior HS Pretzels batting - Pitching for New Britain HS Alleycats : RHP Justin Kasperson | | Batting: RHB Nick Terry | 0-0: Ball 1-0: SINGLE (Line Drive, 9S) | | Batting: RHB Adan Hamer | 0-0: Foul Ball, location: 2F 0-1: Foul Ball, location: 2F 0-2: SINGLE (Groundball, 6D) Nick Terry to second | | Batting: SHB Evan Moseley | 0-0: Ball 1-0: Grounds into double play, 6-4-3 (Groundball, 6) Nick Terry to third | | Batting: RHB Chris Cooper | 0-0: Foul Ball, location: 2F 0-1: Ball 1-1: SINGLE (Groundball, 56D) Nick Terry scores | | Batting: RHB Brian DeWald | 0-0: Ball 1-0: Called Strike 1-1: Ball 2-1: Ball 3-1: Base on Balls Chris Cooper to second | | Batting: RHB Dan Callejas | 0-0: Called Strike 0-1: Swinging Strike 0-2: Fly out, F9 (Flyball, 9) | | Bottom of the 2nd over - 1 run, 3 hits, 0 errors, 2 left on base; New Britain HS 0 - Freeport Senior HS 1 | | TOP OF THE 3RD |
|---|
| New Britain HS Alleycats batting - Pitching for Freeport Senior HS Pretzels : LHP Greg Cundiff | | Batting: SHB Dave Breeden | 0-0: Foul Ball, location: 2F 0-1: Swinging Strike 0-2: Ball 1-2: Foul Ball, location: 2F 1-2: Foul Ball, location: 2F 1-2: Ground out 4-3 (Groundball, 4) | | Batting: RHB Jeff Carney | 0-0: Called Strike 0-1: Ball 1-1: Fly out, F8 (Line Drive, 8RM) | | Batting: RHB Davon Dobson | 0-0: Ball 1-0: Fly out, F7 (Flyball, 7S) | | Top of the 3rd over - 0 runs, 0 hits, 0 errors, 0 left on base; New Britain HS 0 - Freeport Senior HS 1 | | BOTTOM OF THE 3RD |
|---|
| Freeport Senior HS Pretzels batting - Pitching for New Britain HS Alleycats : RHP Justin Kasperson | | Batting: LHB Josiah Harris | 0-0: Ball 1-0: Called Strike 1-1: Foul Ball, location: 2F 1-2: Ball 2-2: Ground out 5-3 (Groundball, 5) | | Batting: RHB Harry Adams | 0-0: Ball 1-0: Ball 2-0: Called Strike 2-1: Foul Ball, location: 2F 2-2: Foul Ball, location: 2F 2-2: Ground out 4-3 (Groundball, 4) | | Batting: LHB Mike Justice | 0-0: Swinging Strike 0-1: Foul Ball, location: 2F 0-2: Strikes out swinging | | Bottom of the 3rd over - 0 runs, 0 hits, 0 errors, 0 left on base; New Britain HS 0 - Freeport Senior HS 1 | | TOP OF THE 4TH |
|---|
| New Britain HS Alleycats batting - Pitching for Freeport Senior HS Pretzels : LHP Greg Cundiff | | Batting: RHB Jimmy Schooley | 0-0: Ball 1-0: Called Strike 1-1: Ball 2-1: Ball 3-1: Base on Balls | | Batting: RHB Hirofumi Okada | 0-0: Ball 1-0: Foul Ball, location: 2F 1-1: SINGLE (Groundball, 4MD) Jimmy Schooley to second Runner from 2nd tries for 3rd, OUT! Hirofumi Okada to second | | Batting: LHB Jody Helser | 0-0: Swinging Strike 0-1: Ground out 3-1 (Groundball, 34) Hirofumi Okada to third | | Batting: RHB Jim Lowden | 0-0: Ball 1-0: Ball 2-0: Ball 3-0: Called Strike 3-1: Foul Ball, location: 2F 3-2: SINGLE (Flyball, 89S) Hirofumi Okada scores | | Batting: SHB Danny Kirby | 0-0: Ball 1-0: Foul Ball, location: 2F 1-1: Foul Ball, location: 2F 1-2: Foul Ball, location: 2F 1-2: SINGLE (Line Drive, 6MD) Jim Lowden to second Runner from 2nd tries for 3rd, SAFE, throw made to third | | Batting: RHB Earl Wooldridge | 0-0: Called Strike 0-1: Foul Ball, location: 2F 0-2: Fielders Choice at 2nd, 5-4 (Groundball, 56) | | Top of the 4th over - 1 run, 3 hits, 0 errors, 2 left on base; New Britain HS 1 - Freeport Senior HS 1 | | BOTTOM OF THE 4TH |
|---|
| Freeport Senior HS Pretzels batting - Pitching for New Britain HS Alleycats : RHP Justin Kasperson | | Batting: RHB Nick Terry | 0-0: Ball 1-0: Foul Ball, location: 2F 1-1: Fly out, F8 (Flyball, 89D) | | Batting: RHB Adan Hamer | 0-0: Ball 1-0: Ball 2-0: Called Strike 2-1: Fly out, F7 (Flyball, 7S) | | Batting: SHB Evan Moseley | 0-0: Foul Ball, location: 2F 0-1: Ball 1-1: SINGLE (Line Drive, 8LS) | | Batting: RHB Chris Cooper | 0-0: Ball 1-0: Called Strike 1-1: Called Strike 1-2: Fly out, F9 (Flyball, 89M) | | Bottom of the 4th over - 0 runs, 1 hit, 0 errors, 1 left on base; New Britain HS 1 - Freeport Senior HS 1 | | TOP OF THE 5TH |
|---|
| New Britain HS Alleycats batting - Pitching for Freeport Senior HS Pretzels : LHP Greg Cundiff | | Batting: SHB Dave Breeden | 0-0: Called Strike 0-1: Foul Ball, location: 2F 0-2: Strikes out looking | | Batting: RHB Jeff Carney | 0-0: Called Strike 0-1: Ball 1-1: Ground out 4-3 (Groundball, 4) | | Batting: RHB Davon Dobson | 0-0: Fly out, F9 (Line Drive, 89D) | | Top of the 5th over - 0 runs, 0 hits, 0 errors, 0 left on base; New Britain HS 1 - Freeport Senior HS 1 | | BOTTOM OF THE 5TH |
|---|
| Freeport Senior HS Pretzels batting - Pitching for New Britain HS Alleycats : RHP Justin Kasperson | | Batting: RHB Brian DeWald | 0-0: Ball 1-0: Called Strike 1-1: Ball 2-1: Foul Ball, location: 2F 2-2: Foul Ball, location: 2F 2-2: Ball 3-2: Base on Balls | | Batting: RHB Dan Callejas | 0-0: Ball 1-0: Ball 2-0: Called Strike 2-1: Foul Ball, location: 2F 2-2: Ball 3-2: Fly out, F4 (Popup, 4D) | | Batting: LHB Josiah Harris | 0-0: Fielders Choice at 2nd, 5-4 (Groundball, 56) | | Batting: RHB Harry Adams | 0-0: Ball 1-0: Foul Ball, location: 2F 1-1: Fielders Choice at 2nd, 6-4 (Groundball, 6) | | Bottom of the 5th over - 0 runs, 0 hits, 0 errors, 1 left on base; New Britain HS 1 - Freeport Senior HS 1 | | TOP OF THE 6TH |
|---|
| New Britain HS Alleycats batting - Pitching for Freeport Senior HS Pretzels : LHP Greg Cundiff | | Batting: RHB Jimmy Schooley | 0-0: Called Strike 0-1: Ball 1-1: Ball 2-1: Ball 3-1: Foul Ball, location: 2F 3-2: Foul Ball, location: 2F 3-2: Foul Ball, location: 2F 3-2: Reached on error, E6 (Groundball, 6M) | | Batting: RHB Hirofumi Okada | 0-0: Fly out, F8 (Flyball, 8RD) | | Batting: LHB Jody Helser | 0-0: Ball 1-0: Called Strike 1-1: Ball 2-1: Ball 3-1: Base on Balls Jimmy Schooley to second | | Batting: RHB Jim Lowden | 0-0: Ball 1-0: Foul Ball, location: 2F 1-1: Ball 2-1: Foul Ball, location: 2F 2-2: Foul Ball, location: 2F 2-2: Foul Ball, location: 2F 2-2: Foul Ball, location: 2F Balk! Jimmy Schooley to third Jody Helser to second 2-2: Ball 3-2: Foul Ball, location: 2F 3-2: Reached on error, E6 (Groundball, 6) Jimmy Schooley scores Jody Helser to third | | Pitching: RHP Tommy Brown | | | Batting: SHB Danny Kirby | 0-0: Called Strike 0-1: Called Strike 0-2: Ball 1-2: Fly out, F5 (Popup, 56) | | Batting: RHB Earl Wooldridge | 0-0: Ball 1-0: Ball 2-0: Ball 3-0: Called Strike 3-1: Called Strike 3-2: Foul Ball, location: 2F 3-2: Fly out, F7 (Flyball, 7D) | | Top of the 6th over - 1 run, 0 hits, 2 errors, 2 left on base; New Britain HS 2 - Freeport Senior HS 1 | | BOTTOM OF THE 6TH |
|---|
| Freeport Senior HS Pretzels batting - Pitching for New Britain HS Alleycats : RHP Justin Kasperson | | Pitching: RHP Mike Thomas | | | Batting: LHB Mike Justice | 0-0: Ball 1-0: Ball 2-0: Ball 3-0: Called Strike 3-1: Called Strike 3-2: Base on Balls | | Batting: RHB Nick Terry | 0-0: Ball 1-0: Swinging Strike Error on foul ball, E2 1-2: SINGLE (Groundball, 56D) Mike Justice to second | | Batting: RHB Adan Hamer | 0-0: Ball 1-0: Ball 2-0: Called Strike 2-1: Called Strike 2-2: Foul Ball, location: 2F 2-2: Reached on error, E6 (Groundball, 6M) Mike Justice to third Nick Terry to second | | Batting: SHB Evan Moseley | 0-0: Ball 1-0: Foul Ball, location: 2F 1-1: Ball 2-1: Ball 3-1: Foul Ball, location: 2F 3-2: Strikes out looking | | Batting: RHB Chris Cooper | 0-0: Ball 1-0: Ball 2-0: Ball 3-0: Base on Balls Mike Justice scores Nick Terry to third Adan Hamer to second | | Batting: RHB Brian DeWald | 0-0: Ball 1-0: Called Strike 1-1: Ball 2-1: Ball 3-1: Called Strike 3-2: DOUBLE (Groundball, 5L) Nick Terry scores Adan Hamer scores Chris Cooper to third Runner from 3rd tries for Home, SAFE, no throw | | Pitching: LHP Luis Quezada | | | Batting: RHB Dan Callejas | 0-0: Intentional Walk | | Batting: LHB Josiah Harris | 0-0: Called Strike 0-1: Ball 1-1: Ball 2-1: Fielders Choice at 2nd, 1-6 (Groundball, P) Brian DeWald to third | | Batting: RHB Harry Adams | 0-0: Ball 1-0: Foul Ball, location: 2F 1-1: Ball 2-1: Ball 3-1: SINGLE (Groundball, 4D) Brian DeWald scores Josiah Harris to second Runner from 2nd tries for 3rd, OUT! | | Bottom of the 6th over - 5 runs, 3 hits, 2 errors, 1 left on base; New Britain HS 2 - Freeport Senior HS 6 | | TOP OF THE 7TH |
|---|
| New Britain HS Alleycats batting - Pitching for Freeport Senior HS Pretzels : RHP Tommy Brown | | Batting: SHB Dave Breeden | 0-0: Ball 1-0: Ball 2-0: Foul Ball, location: 2F 2-1: Called Strike 2-2: SINGLE (Line Drive, 6M) | | Batting: RHB Jeff Carney | 0-0: Fielders Choice at 2nd, 3-6 (Groundball, 3) | | Batting: RHB Davon Dobson | 0-0: Foul Ball, location: 2F 0-1: Hit by Pitch Jeff Carney to second | | Batting: RHB Jimmy Schooley | 0-0: Called Strike 0-1: Called Strike 0-2: Foul Ball, location: 2F 0-2: Strikes out swinging | | Batting: RHB Hirofumi Okada | 0-0: Ball 1-0: Called Strike 1-1: DOUBLE (Line Drive, 78D) Jeff Carney scores Davon Dobson to third | | Batting: LHB Jody Helser | 0-0: Ball 1-0: Ball 2-0: Ball 3-0: Base on Balls | | Batting: RHB Jim Lowden | 0-0: Ball 1-0: Called Strike 1-1: Foul Ball, location: 2F 1-2: Ground out U3 (Groundball, 34) | | Top of the 7th over - 1 run, 2 hits, 0 errors, 3 left on base; New Britain HS 3 - Freeport Senior HS 6 | | BOTTOM OF THE 7TH |
|---|
| Freeport Senior HS Pretzels batting - Pitching for New Britain HS Alleycats : LHP Luis Quezada | | Batting: LHB Mike Justice | 0-0: Ball 1-0: Swinging Strike 1-1: Ball 2-1: Foul Ball, location: 2F 2-2: SINGLE (Groundball, 6MD) | | Batting: RHB Nick Terry | 0-0: Called Strike 0-1: Ball 1-1: Foul Ball, location: 2F 1-2: Reached on error, E6 (Groundball, 6) Mike Justice to second | | Batting: RHB Adan Hamer | 0-0: TRIPLE (Flyball, 7D) Mike Justice scores Nick Terry scores | | Batting: SHB Evan Moseley | 0-0: Foul Ball, location: 2F 0-1: Swinging Strike 0-2: Foul Ball, location: 2F 0-2: Hit by Pitch | | Batting: RHB Chris Cooper | 0-0: Ball 1-0: Foul Ball, location: 2F 1-1: Swinging Strike 1-2: Foul Ball, location: 2F 1-2: Ground out 4-3 (Groundball, 4) Evan Moseley to second | | Batting: RHB Brian DeWald | 0-0: Called Strike 0-1: Ball 1-1: Ball 2-1: Ball 3-1: Foul Ball, location: 2F 3-2: Ground out 6-3 (Groundball, 56) | | Batting: RHB Dan Callejas | 0-0: Ball 1-0: Ball 2-0: Ground out 5-3 (Groundball, 56) | | Bottom of the 7th over - 2 runs, 2 hits, 1 error, 2 left on base; New Britain HS 3 - Freeport Senior HS 8 | | TOP OF THE 8TH |
|---|
| New Britain HS Alleycats batting - Pitching for Freeport Senior HS Pretzels : RHP Tommy Brown | | Batting: SHB Danny Kirby | 0-0: Ball 1-0: Fly out, F7 (Line Drive, 78D) | | Batting: RHB Earl Wooldridge | 0-0: Ball 1-0: Foul Ball, location: 2F 1-1: Ball 2-1: Foul Ball, location: 2F 2-2: Ground out 6-3 (Groundball, 6) | | Batting: SHB Dave Breeden | 0-0: Swinging Strike 0-1: Ball 1-1: Foul Ball, location: 2F 1-2: Ball 2-2: Foul Ball, location: 2F 2-2: Strikes out swinging | | Top of the 8th over - 0 runs, 0 hits, 0 errors, 0 left on base; New Britain HS 3 - Freeport Senior HS 8 | | BOTTOM OF THE 8TH |
|---|
| Freeport Senior HS Pretzels batting - Pitching for New Britain HS Alleycats : LHP Luis Quezada | | Batting: LHB Josiah Harris | 0-0: Ball 1-0: Fly out, F5 (Flyball, 56D) | | Batting: RHB Harry Adams | 0-0: Called Strike 0-1: Fly out, F7 (Flyball, 78S) | | Batting: LHB Mike Justice | 0-0: Foul Ball, location: 2F 0-1: Ball 1-1: Ball 2-1: SOLO HOME RUN (Flyball, 9LD), Distance : 355 ft | | Batting: RHB Nick Terry | 0-0: Ground out 3-1 (Groundball, 34S) | | Bottom of the 8th over - 1 run, 1 hit, 0 errors, 0 left on base; New Britain HS 3 - Freeport Senior HS 9 | | TOP OF THE 9TH |
|---|
| New Britain HS Alleycats batting - Pitching for Freeport Senior HS Pretzels : RHP Tommy Brown | | Now in LF: Peter Brower | | | Batting: RHB Jeff Carney | 0-0: Called Strike 0-1: Ball 1-1: Fly out, F8 (Flyball, 8LD) | | Batting: RHB Davon Dobson | 0-0: SINGLE (Line Drive, 56) | | Batting: RHB Jimmy Schooley | 0-0: Ball 1-0: Foul Ball, location: 2F 1-1: Ball 2-1: Ball 3-1: Base on Balls Davon Dobson to second | | Batting: RHB Hirofumi Okada | 0-0: Ball 1-0: SINGLE (Groundball, 5D) Davon Dobson to third Jimmy Schooley to second | | Pitching: RHP Ray Westerberg | | | Batting: LHB Jody Helser | 0-0: Hit by Pitch Davon Dobson scores Jimmy Schooley to third Hirofumi Okada to second | | Batting: RHB Jim Lowden | 0-0: Ball 1-0: Called Strike 1-1: Ball 2-1: Called Strike 2-2: Fielders Choice at 2nd, 6-4 (Groundball, 6) Jimmy Schooley scores Hirofumi Okada to third | | Batting: SHB Danny Kirby | 0-0: Ball 1-0: Swinging Strike 1-1: Foul Ball, location: 2F 1-2: Foul Ball, location: 2F 1-2: Ball 2-2: Foul Ball, location: 2F 2-2: Ball 3-2: Strikes out swinging | | Top of the 9th over - 2 runs, 2 hits, 0 errors, 2 left on base; New Britain HS 5 - Freeport Senior HS 9 | |